Map: King's Cove LE

Players

Shouse - Winner!

  • Race: Zerg Zerg
  • League: Platinum
  • Spawn Location: 11:00

Smeeeger

  • Race: Zerg Zerg
  • League: Platinum
  • Spawn Location: 5:00

VOD

Have the link to the VOD?

Description

Time

  • Played on: July 21, 2019, 8:02 a.m.
  • Length: 13:39
Show
View Real Time Build Order
Export as new Build Order

Shouse Zerg - Winner!

Build Orders: Pool First, Swarm Host 

Get SALT Encoding   

  12  0:04  Drone  
  13  0:13  Overlord  
  13  0:19  Drone  
  14  0:32  Drone x2  
  16  0:48  Drone x2  
  18  0:58  Drone  
  19  1:09  Drone  
  20  1:21  Spawning Pool  
  19  1:28  Hatchery  
  18  1:40  Hatchery  
  18  1:41  Drone  
  18  1:44  Drone  
  19  1:49  Overlord  
  19  1:58  Drone  
  20  2:09  Queen  
  20  2:10  Zergling x2  
  23  2:30  Drone x2  
  25  2:41  Queen  
  27  2:44  Queen  
  29  2:58  Queen  
  31  3:05  Overlord  
  31  3:11  Drone  
  31  3:12  Drone  
  33  3:19  Evolution Chamber  
  32  3:41  Evolution Chamber  
  31  3:42  Drone x3  
  31  3:43  Drone x6  
  31  3:44  Drone  
  31  3:45  Drone  
  42  3:50  Extractor  
  42  3:51  Extractor x2  
  42  3:54  Extractor  
  38  4:03  Spine Crawler  
  38  4:07  Roach Warren  
  38  4:09  Drone x3  
  39  4:11  Drone x3  
  42  4:20  Drone  
  42  4:22  Overlord  
  43  4:24  Overlord  
  43  4:39  Drone  
  44  4:47  Lair  
  44  4:49  Zerg Missile Weapons Level 1  
  44  4:59  Roach x4  
  51  5:19  Drone  
  51  5:20  Drone x2  
  54  5:32  Drone  
  54  5:33  Drone  
  56  5:37  Overlord  
  56  5:39  Overlord  
  56  5:41  Roach x4  
  64  5:43  Zergling x2  
  65  5:56  Infestation Pit  
  64  5:59  Nydus Network  
  63  6:06  Overlord  
  63  6:07  Overlord x2  
  63  6:08  Queen x3  
  69  6:17  Overseer  
  69  6:55  Swarm Host x12  
  105  7:06  Overlord x2  
  105  7:08  Overlord  
  97  7:48  Evolution Chamber  
  96  7:58  Nydus Canal  
  96  8:08  Swarm Host  
  96  8:09  Swarm Host x7  
  120  8:25  Queen x3  
  126  9:00  Queen  
  130  9:10  Nydus Canal  
  130  9:14  Overlord  
  130  9:15  Overlord x7  
  130  9:18  Queen  
  130  9:19  Hive  
  124  9:54  Roach x9  
  142  10:18  Spine Crawler x2  
  140  10:29  Nydus Canal  
  140  10:34  Spire  
  139  10:38  Ultralisk Cavern  
  139  10:40  Zerg Ground Armor Level 1  
  132  11:18  Overlord  
  128  11:28  Ultralisk  
  128  11:30  Ultralisk  
  140  11:35  Overlord  
  140  11:45  Corruptor x5  
  140  11:46  Corruptor x4  
  158  11:50  Corruptor  
  160  12:27  Overseer  
  160  12:31  Hatchery  
  159  12:44  Nydus Canal  
  159  12:49  Corruptor x4  
  159  12:51  Corruptor  
Show
View Real Time Build Order
Export as new Build Order

Smeeeger Zerg 

Build Orders: Hatch First 

Get SALT Encoding   

  12  0:02  Drone  
  13  0:15  Drone  
  13  0:18  Overlord  
  14  0:36  Drone x2  
  14  0:37  Drone  
  17  0:48  Drone  
  18  0:59  Hatchery  
  18  1:03  Drone, Extractor  
  17  1:19  Spawning Pool  
  17  1:22  Drone  
  17  1:26  Drone  
  17  1:32  Drone  
  19  1:41  Overlord  
  19  2:05  Queen  
  19  2:07  Zergling x4  
  23  2:11  Queen  
  23  2:12  Zergling x2  
  26  2:22  Metabolic Boost  
  26  2:24  Drone  
  26  2:25  Drone x2  
  29  2:38  Drone  
  29  2:39  Drone  
  31  2:53  Queen  
  31  2:54  Drone  
  31  2:55  Overlord  
  31  2:56  Overlord  
  34  3:00  Drone  
  35  3:16  Drone, Baneling Nest  
  35  3:17  Drone  
  36  3:51  Drone x4  
  36  3:52  Drone  
  41  3:58  Roach Warren  
  41  3:59  Evolution Chamber  
  41  4:02  Evolution Chamber  
  38  4:04  Spine Crawler  
  38  4:07  Overlord  
  38  4:09  Drone x5  
  42  4:25  Spore Crawler  
  42  4:26  Spore Crawler  
  42  4:30  Zerg Missile Weapons Level 1  
  39  4:34  Drone x2  
  39  4:36  Extractor  
  39  4:37  Drone x2, Extractor  
  41  4:40  Drone  
  41  4:43  Baneling  
  41  4:44  Baneling  
  42  4:55  Drone x2  
  42  4:56  Drone  
  42  4:57  Drone x3, Overlord  
  48  5:05  Overlord  
  48  5:26  Extractor  
  48  5:27  Drone x3  
  48  5:28  Overlord  
  50  5:31  Lair  
  50  5:34  Zerg Ground Armor Level 1  
  50  5:35  Zergling x6  
  53  5:38  Baneling  
  53  5:42  Queen  
  55  6:00  Drone  
  56  6:08  Roach x6  
  56  6:09  Hatchery, Roach  
  69  6:17  Pneumatized Carapace  
  69  6:48  Overlord x2  
  69  6:49  Overlord  
  69  6:50  Overlord  
  69  6:51  Glial Reconstitution  
  69  6:52  Roach  
  69  6:53  Roach x2  
  75  6:59  Baneling x8  
  75  7:00  Overlord x3  
  75  7:06  Spire  
  69  7:32  Roach  
  69  7:33  Roach x9  
  85  7:39  Overlord  
  85  7:43  Zerg Missile Weapons Level 2  
  75  7:48  Roach x3  
  75  7:49  Roach x2  
  85  7:52  Zergling x2  
  85  7:56  Queen  
  83  8:29  Roach x3  
  83  8:30  Roach x8  
  105  8:39  Drone x4  
  105  8:40  Corruptor x2  
  105  8:41  Corruptor  
  91  9:04  Zergling x14  
  91  9:06  Corruptor x2  
  102  9:31  Zergling x2  
  97  10:04  Zergling x18  
  106  10:20  Zergling x6  
  99  10:31  Roach  
  99  10:32  Roach x2  
  105  10:36  Zerg Ground Armor Level 2  
  105  10:39  Drone x3  
  105  10:40  Drone x2  
  105  10:58  Roach x4  
  105  11:03  Roach x2  
  115  11:09  Roach x8  
  129  11:19  Roach  
  129  11:21  Drone x2  
  133  11:38  Drone x3  
  133  11:39  Extractor  
  135  11:43  Extractor  
  134  11:49  Zergling x16  
  142  12:02  Drone x2  
  142  12:03  Drone  
  145  12:12  Mutalisk x3  
  144  12:16  Overlord x4  
  144  12:24  Drone  
  145  12:33  Mutalisk x2  
  145  12:34  Mutalisk x8  
  165  12:55  Corruptor x2  
  169  13:12  Roach x7  
  169  13:13  Roach  
  169  13:15  Roach x2  
  169  13:16  Roach  
Tags
 
Add a new tag
Caveats
  • Supply blocks, unpowered buildings, or Contaminate may cause inaccurate times.
  • Supply counts are checked every 10 seconds.